 Seeded DCSS version 0.30-a0-187-gd9c2deaf24 (webtiles) character file.

Game seed: 9256909020028690172 (custom seed)

2523 Iusername the Cleaver (level 9, -1/79 HPs)
             Began as a Minotaur Fighter on Oct 3, 2022.
             Was an Initiate of Gozag.
             Killed by divine providence
             ... invoked by an orc priest
              (11 damage)
             ... on level 6 of the Dungeon.
             The game lasted 00:06:56 (5714 turns).

Iusername the Cleaver (Minotaur Fighter)            Turns: 5714, Time: 00:06:56

Health: -1/79      AC: 15    Str: 25    XL:     9   Next: 29%
Magic:  8/8        EV: 11    Int:  5    God:    Gozag
Gold:   232        SH:  0    Dex: 10    Spells: 8/8 levels left

rFire   . . .      SeeInvis +    w - +3 woodcutter's axe {vorpal}
rCold   . . .      Faith    .    (shield currently unavailable)
rNeg    . . .      Spirit   .    b - +0 scale mail
rPois   .          Reflect  .    (helmet restricted)
rElec   .          Harm     .    g - +2 cloak of the Thief {*Fog Slay-2 SInv Stlth+}
rCorr   .          Rampage  +    j - +2 pair of gloves of the Viny God {Rampage}
Will    .....                    (no boots)
Stlth   +.........               (no amulet)
HPRegen 0.33/turn                (no ring)
MPRegen 0.11/turn                (no ring)

@: gold aura
A: horns 2, retaliatory headbutt
a: Renounce Religion, Potion Petition, Call Merchant, Bribe Branch


You were on level 6 of the Dungeon.
You worshipped Gozag.
Gozag was aware of your devotion.
You visited 2 branches of the dungeon, and saw 7 of its levels.

You collected 315 gold pieces.
You paid 83 gold pieces to Gozag.

Inventory:

Hand Weapons
 a - a +0 war axe
 w - the +3 woodcutter's axe (weapon) {vorpal}
   (You found it on level 5 of the Dungeon)

   It inflicts extra damage upon your enemies.
Armour
 b - a +0 scale mail (worn)
 g - the +2 cloak of the Thief (worn) {*Fog Slay-2 SInv Stlth+}
   (You acquired it on level 1 of the Dungeon)

   It may release a thick cloud of smoke when the wearer is hurt.
   Slay:      It affects your accuracy & damage with ranged weapons and melee
   (-2).
   SInv:      It lets you see invisible.
   Stlth:     It makes you more stealthy.
 j - the +2 pair of gloves of the Viny God (worn) {Rampage}
   (You found it on level 2 of the Dungeon)

   Rampage:   It bestows one free step when moving towards enemies.
Wands
 d - a wand of flame (3)
 n - a wand of roots (4)
Scrolls
 e - 3 scrolls of teleportation {unknown}
 f - 4 scrolls of noise {unknown}
 i - a scroll of enchant armour {unknown}
 l - a scroll of fog {unknown}
 q - 2 scrolls of poison {unknown}
 r - a scroll of vulnerability {unknown}
 s - a scroll of identify {unknown}
 t - 3 scrolls of magic mapping {unknown}
 u - a scroll of immolation {unknown}
Potions
 c - a potion of cancellation {unknown}
 h - 2 potions of flight {unknown}
 k - 2 potions of lignification {unknown}
 p - 2 potions of heal wounds {unknown}
 x - 2 potions of attraction {unknown}


   Skills:
 + Level 7.5 Fighting
 + Level 9.6 Axes
 + Level 8.3 Armour
 + Level 3.8 Dodging
 + Level 1.3 Stealth
 + Level 5.6 Shields


You had 8 spell levels left.
You didn't know any spells.
Your spell library contained the following spells:

 Spells                   Type           Power      Damage    Failure   Level
 Apportation              Tloc           0%         N/A       75%         1
 Foxfire                  Conj/Fire      0%         2x1d4     75%         1
 Magic Dart               Conj           0%         1d3       75%         1
 Call Imp                 Summ           0%         N/A       86%         2
 Inner Flame              Hex/Fire       0%         N/A       98%         3
 Mephitic Cloud           Conj/Pois/Air  0%         N/A       98%         3
 Flame Wave               Conj/Fire      0%         2d4       100%        4
 Sticky Flame             Conj/Fire      0%         2d3       100%        4
 Alistair's Intoxication  Tmut/Pois      0%         N/A       100%        5


Dungeon Overview and Level Annotations

Branches:
Dungeon (6/15)             Temple (1/1) D:5

Altars:
Gozag
Kikubaaqudgha
Trog

Annotations:
D:4 2 transporters, IdlyInterested's ghost, weakling DsWn


Innate Abilities, Weirdness & Mutations

You have a pair of horns on your head.
You reflexively headbutt those who attack you in melee.


Message History

The orc wizard gestures wildly while chanting.
The orc wizard flickers and vanishes for a moment.
You barely miss the troll. The troll bites you. The troll claws you.
The troll claws you but does no damage.
The black bear is distracted by your dazzling golden aura.
You barely miss the troll.
The black bear growls angrily.
The orc shouts!
You headbutt the troll!
The troll is moderately wounded.
You hear a shout! x2
The troll misses you. You furiously retaliate!
You headbutt the troll.
The troll claws you but does no damage. x2
You closely miss the troll. You headbutt the troll!
The troll is heavily wounded.
The black bear is no longer distracted by gold.
The troll barely misses you. The troll claws you.
The troll claws you but does no damage.
You barely miss the troll.
You headbutt the troll, but do no damage.
The troll is heavily wounded.
The troll barely misses you. The troll closely misses you. The troll claws you!
* * * LOW HITPOINT WARNING * * *
The orc wizard is distracted by your dazzling golden aura.
The orc is distracted by your dazzling golden aura.
The orc wizard shouts!
You barely miss the troll.
The orc shouts!
You headbutt the troll!
The troll is severely wounded.
An orc priest comes into view. It is wielding a +0 dagger.
The troll bites you but does no damage. The troll claws you!
* * * LOW HITPOINT WARNING * * *
With a swish of your cloak, you release a cloud of fog.
The troll closely misses you.
You closely miss the troll. You headbutt the troll!
You kill the troll!
The orc priest calls down the wrath of Beogh upon you.
Beogh smites you!
You die...
Your body crumbles into a pile of gold.

.. # #. ...# .
.. ###..#. ##.
..#... #
.O##.#.##
#!#.#§§§..
#..o#§§#.####.##
#o§@§#........
#.oh#§§§.#
#$#.#§##.# #
.T####.# ##. #.#
.. #.# #h #.# ..
#.# #.#


You could see a black bear, an orc priest and an orc wizard (invisible).

Vanquished Creatures
  A two-headed ogre (D:6)
  A troll (D:6)
  A hornet (D:5)
  Sigmund (D:3)
  A water moccasin (D:5)
  Duvessa (D:5)
  An ice beast (D:5)
  2 ogres
  A phantom (D:5)
  A bullfrog (D:6)
  4 necrophages (D:5)
  2 scorpions
  Dowan (D:5)
  A howler monkey (D:4)
  A jelly (D:6)
  A hound (D:5)
  An orc priest (D:4)
  Jessica (D:2)
  Natasha (thrice) (D:2)
  4 iguanas
  2 orc wizards
  Robin (D:2)
  6 adders
  A shadow imp (D:5)
  A white imp (D:5)
  An ufetubus (D:4)
  2 worms (D:2)
  4 orcs
  7 endoplasms
  5 giant cockroaches
  14 goblins
  12 hobgoblins
  4 jackals
  3 quokkas
  6 ball pythons
  2 bats
  A frilled lizard (D:3)
  8 kobolds
  3 rats
113 creatures vanquished.

Notes
Turn   | Place    | Note
-------+----------+-------------------------------------------
     0 | D:1      | Iusername the Minotaur Fighter began the quest for the Orb.
     0 | D:1      | Reached XP level 1. HP: 19/19 MP: 0/0
   365 | D:1      | Reached XP level 2. HP: 27/27 MP: 1/1
   437 | D:1      | Identified a scroll of acquirement
   437 | D:1      | Acquired the +2 cloak of the Thief {*Fog Slay-2 SInv
                  | Stlth+}
   437 | D:1      | Found the +2 cloak of the Thief {*Fog Slay-2 SInv Stlth+}
  1147 | D:2      | Noticed Jessica
  1157 | D:2      | Killed Jessica
  1158 | D:2      | Reached skill level 3 in Axes
  1158 | D:2      | Reached XP level 3. HP: 19/33 MP: 2/2
  1278 | D:2      | Noticed Natasha
  1279 | D:2      | Noticed Robin
  1287 | D:2      | Killed Natasha
  1288 | D:2      | Reached XP level 4. HP: 35/41 MP: 3/3
  1290 | D:2      | Killed Robin
  1347 | D:2      | Noticed Natasha
  1354 | D:2      | Killed Natasha
  1355 | D:2      | Reached skill level 4 in Axes
  1355 | D:2      | Reached XP level 5. HP: 17/47 MP: 4/4
  1356 | D:2      | Reached skill level 1 in Dodging
  1364 | D:2      | Noticed Natasha
  1367 | D:2      | Killed Natasha
  1727 | D:2      | Identified the +2 pair of gloves of the Viny God {Rampage}
  2074 | D:2      | Found a faded altar of an unknown god.
  2416 | D:3      | Noticed Sigmund
  2427 | D:3      | Killed Sigmund
  2428 | D:3      | Reached skill level 5 in Axes
  2428 | D:3      | Reached skill level 5 in Armour
  2428 | D:3      | Reached XP level 6. HP: 37/55 MP: 5/5
  3269 | D:4      | Reached skill level 5 in Fighting
  3340 | D:4      | Noticed IdlyInterested's ghost (weakling DsWn)
  3348 | D:4      | Found a transporter.
  3426 | D:4      | Found an ancient bone altar of Kikubaaqudgha.
  3434 | D:4      | Found a bloodstained altar of Trog.
  3587 | D:4      | Reached skill level 6 in Axes
  3587 | D:4      | Reached XP level 7. HP: 58/61 MP: 6/6
  3819 | D:4      | Found a transporter.
  4196 | D:5      | Entered Level 5 of the Dungeon
  4357 | D:5      | Found the +3 woodcutter's axe {vorpal}
  4378 | D:5      | Noticed a hornet
  4381 | D:5      | Paralysed by a hornet for 1 turns
  4385 | D:5      | Killed a hornet
  4386 | D:5      | Reached skill level 7 in Axes
  4582 | D:5      | Reached XP level 8. HP: 47/67 MP: 7/7
  4591 | D:5      | Reached skill level 8 in Axes
  4840 | D:5      | Found the +3 salamander hide armour {Flames rF++ rC--}
  4885 | D:5      | Found a staircase to the Ecumenical Temple.
  4895 | Temple   | Entered the Ecumenical Temple
  4932 | Temple   | Became a worshipper of Gozag Ym Sagoz the Greedy
  4971 | D:5      | Noticed Duvessa
  4972 | D:5      | Noticed Dowan
  4986 | D:5      | Killed Duvessa
  4987 | D:5      | Reached skill level 5 in Shields
  4992 | D:5      | Killed Dowan
  5462 | D:5      | Reached skill level 1 in Stealth
  5596 | D:6      | Reached skill level 9 in Axes
  5697 | D:6      | Noticed a two-headed ogre
  5697 | D:6      | Noticed a troll
  5705 | D:6      | Killed a two-headed ogre
  5706 | D:6      | Reached XP level 9. HP: 61/79 MP: 8/8
  5714 | D:6      | Killed a troll
  5714 | D:6      | Killed from afar by an orc priest

Illustrated notes

Levels and vault maps discovered:
D:1:      dpeg_cavernosity, layout_loops_cross
D:2:      layout_basic, shapermc_ecumenical_altar_gd, uniq_robin, uniq_jessica,
          uniq_natasha
D:3:      layout_loops_ring, uniq_sigmund
D:4:      layout_basic, amethyst_overflow_temple_binary,
          gammafunk_ghost_stat_death
D:5:      layout_rooms, minmay_temple_entry_hall, minmay_checkerbox,
          uniq_duvessa
D:6:      minmay_spotlight, layout_basic, hangedman_minor_gate_pass, uniq_pikel
Temple:   mainiacjoe_temple_big_plus

Skill      XL: |  1  2  3  4  5  6  7  8 |
---------------+-------------------------+-----
Armour         | 4 5 6 8 |  8.3
Fighting       | 4 5 7 |  7.5
Axes           | 3 4 5 6 7 9 |  9.6
Shields        | 4 5 |  5.6
Dodging        | 1 2 3 |  3.8
Stealth        | 1 |  1.3

Action                   |  1- 3 |  4- 6 |  7- 9 || total
-------------------------+-------+-------+-------++-------
Melee: War axe           |    58 |   147 |   118 ||   323
       Headbutt          |     5 |    19 |    30 ||    54
       Battleaxe         |       |       |    41 ||    41
  Use: Scroll            |     1 |       |       ||     1
       Potion            |     1 |       |     1 ||     2
 Stab: Sleeping          |       |       |     1 ||     1
Armor: Scale mail        |    39 |    67 |    84 ||   190
Dodge: Dodged            |    25 |    72 |    74 ||   171
Block: Buckler           |    17 |    27 |    37 ||    81

Table legend: (Time is in decaauts)
 A = Elapsed time spent in this place.
 B = Non-inter-level travel time spent in this place.
 C = Inter-level travel time spent in this place.
 D = Time resting spent in this place.
 E = Time spent auto-exploring this place.
 F = Levels seen in this place.
 G = Mean time per level.
                   A        B        C        D        E       F      G
               +--------+--------+--------+--------+--------+-----+--------+
         Total |   5820 |   5626 |    194 |    985 |   3771 |   7 |  831.4 |
       Dungeon |   5760 |   5586 |    174 |    985 |   3744 |   6 |  960.0 |
        Temple |     59 |     39 |     20 |      0 |     27 |   1 |   59.0 |
               +--------+--------+--------+--------+--------+-----+--------+

Top non-repeatable levels by time:
     D:2: 1350 daAuts
     D:5: 1272 daAuts
     D:1: 1125 daAuts
     D:4: 1010 daAuts
     D:3: 800 daAuts
     D:6: 201 daAuts
  Temple: 59 daAuts
